XFBL
LOS ANGELES DODGERS @ ST. LOUIS CARDINALS
03/28/1982
 
TOP OF THE 1ST
Los Angeles Dodgers batting - Pitching for St. Louis Cardinals : LHP Steve Carlton
Pitching: LHP Steve Carlton
Batting: RHB Carney Lansford 0-0: Called Strike
0-1: Fly out, F8 (Line Drive, 8RM, EV 95.0 MPH)
Batting: SHB Jose Oquendo 0-0: Fly out, F8 (Flyball, 8LM, EV 93.1 MPH)
Batting: RHB Dick Davis 0-0: Ball
1-0: Called Strike
1-1: Swinging Strike
1-2: Strikes out swinging
Top of the 1st over - 0 runs, 0 hits, 0 errors, 0 left on base; Los Angeles 0 - St. Louis 0
BOTTOM OF THE 1ST
St. Louis Cardinals batting - Pitching for Los Angeles Dodgers : RHP Mike Scott
Pitching: RHP Mike Scott
Batting: SHB Otis Nixon 0-0: Ball
1-0: SINGLE (Groundball, 6M, EV 105.6 MPH) (infield hit)
Batting: SHB Billy E Smith 0-0: Ball
1-0: Ball
2-0: Called Strike
2-1: Swinging Strike
2-2: Ball
3-2: Fielders Choice at 2nd, 3-6 (Groundball, 34, EV 81.9 MPH)
Batting: LHB Mike Davis 0-0: Ball
Billy E Smith is caught stealing 2nd base 2-6
1-0: Ball
2-0: Ball
3-0: Called Strike
3-1: Base on Balls
Batting: LHB Pat Putnam 0-0: Ball
1-0: Called Strike
1-1: Called Strike
Mike Davis is caught stealing 2nd base 2-6
Bottom of the 1st over - 0 runs, 1 hit, 0 errors, 0 left on base; Los Angeles 0 - St. Louis 0
TOP OF THE 2ND
Los Angeles Dodgers batting - Pitching for St. Louis Cardinals : LHP Steve Carlton
Batting: RHB Jerry Keller 0-0: DOUBLE (Flyball, 8LXD, EV 115.6 MPH)
Batting: RHB Toby Harrah 0-0: Called Strike
0-1: Foul Ball, location: 2F
0-2: Foul Ball, location: 2F
0-2: Fly out, F7 (Flyball, 78M, EV 93.1 MPH)
Batting: LHB Ronald Jackson 0-0: Swinging Strike
0-1: Swinging Strike
0-2: Strikes out swinging
Batting: LHB Darren Daulton 0-0: Ball
1-0: Ball
2-0: Fly out, F7 (Line Drive, 7D, EV 105.0 MPH)
Top of the 2nd over - 0 runs, 1 hit, 0 errors, 1 left on base; Los Angeles 0 - St. Louis 0
BOTTOM OF THE 2ND
St. Louis Cardinals batting - Pitching for Los Angeles Dodgers : RHP Mike Scott
Batting: LHB Pat Putnam 0-0: Ball
1-0: Ball
2-0: Called Strike
2-1: Swinging Strike
2-2: Foul Ball, location: 2F
2-2: Strikes out swinging
Batting: RHB Joe Torre 0-0: Ball
1-0: Called Strike
1-1: Called Strike
1-2: Fly out, F7 (Line Drive, 8LS, EV 93.8 MPH)
Batting: RHB Craig Stimac 0-0: Called Strike
0-1: Ground out 5-3 (Groundball, 25, EV 92.5 MPH)
Bottom of the 2nd over - 0 runs, 0 hits, 0 errors, 0 left on base; Los Angeles 0 - St. Louis 0
TOP OF THE 3RD
Los Angeles Dodgers batting - Pitching for St. Louis Cardinals : LHP Steve Carlton
Batting: RHB Cleo Smith 0-0: Ball
1-0: Called Strike
1-1: Foul Ball, location: 2F
1-2: Ball
2-2: Ball
3-2: Fly out, F9 (Flyball, 9LM, EV 90.6 MPH)
Batting: RHB Mike Scott 0-0: Foul Ball, location: 2F
0-1: Ball
1-1: Called Strike
1-2: Foul Ball, location: 2F
1-2: Ball
2-2: Strikes out swinging
Batting: RHB Carney Lansford 0-0: SINGLE (Line Drive, 89S, EV 89.4 MPH)
Batting: SHB Jose Oquendo 0-0: Ball
Carney Lansford steals 2nd base
1-0: Ball
2-0: Foul Ball, location: 2F
2-1: Ground out 2-3 (Groundball, 15S, EV 71.3 MPH)
Top of the 3rd over - 0 runs, 1 hit, 0 errors, 1 left on base; Los Angeles 0 - St. Louis 0
BOTTOM OF THE 3RD
St. Louis Cardinals batting - Pitching for Los Angeles Dodgers : RHP Mike Scott
Batting: RHB Steve Lubratich 0-0: Called Strike
0-1: SINGLE (Line Drive, 34, EV 94.4 MPH)
Batting: RHB Bob E Johnson 0-0: Foul Ball, location: 2F
0-1: Ball
1-1: Foul Ball, location: 2F
1-2: Foul Ball, location: 2F
1-2: Foul Ball, location: 2F
1-2: Ball
2-2: Ball
Passed Ball!
Steve Lubratich to second
3-2: Ground out 6-3 (Groundball, 6, EV 91.9 MPH)
Steve Lubratich to third
Batting: LHB Steve Carlton 0-0: Ball
1-0: Foul Ball, location: 2F
1-1: Ball
2-1: Ground out 1-3 (Groundball, 34S, EV 66.3 MPH)
Batting: SHB Otis Nixon 0-0: Fly out, F9 (Line Drive, 9, EV 92.5 MPH)
Bottom of the 3rd over - 0 runs, 1 hit, 0 errors, 1 left on base; Los Angeles 0 - St. Louis 0
TOP OF THE 4TH
Los Angeles Dodgers batting - Pitching for St. Louis Cardinals : LHP Steve Carlton
Batting: RHB Dick Davis 0-0: Foul Ball, location: 2F
0-1: Swinging Strike
0-2: Ball
1-2: Ball
2-2: Foul Ball, location: 2F
2-2: Fly out, F5 (Line Drive, 5, EV 74.4 MPH)
Batting: RHB Jerry Keller 0-0: Called Strike
0-1: Reached on error, E4 (Popup, 23, EV 91.9 MPH)
Batting: RHB Toby Harrah 0-0: Called Strike
0-1: Foul Ball, location: 2F
0-2: Ball
1-2: Strikes out swinging
Batting: LHB Ronald Jackson 0-0: Ball
1-0: Swinging Strike
1-1: Ball
2-1: SINGLE (Line Drive, 78M, EV 89.4 MPH)
Jerry Keller to second
Batting: LHB Darren Daulton 0-0: Fielders Choice at 2nd, 6-4 (Groundball, 6, EV 85.6 MPH)
Top of the 4th over - 0 runs, 1 hit, 1 error, 2 left on base; Los Angeles 0 - St. Louis 0
BOTTOM OF THE 4TH
St. Louis Cardinals batting - Pitching for Los Angeles Dodgers : RHP Mike Scott
Batting: SHB Billy E Smith 0-0: Foul Ball, location: 2F
0-1: Foul Ball, location: 2F
0-2: Foul Ball, location: 2F
0-2: Ball
1-2: Fly out, F8 (Flyball, 8LM, EV 79.4 MPH)
Batting: LHB Mike Davis 0-0: Fly out, F7 (Flyball, 7LS, EV 85.6 MPH)
Batting: LHB Pat Putnam 0-0: Ball
1-0: Foul Ball, location: 2F
1-1: Foul Ball, location: 2F
1-2: Foul Ball, location: 2F
1-2: Foul Ball, location: 2F
1-2: Strikes out swinging
Bottom of the 4th over - 0 runs, 0 hits, 0 errors, 0 left on base; Los Angeles 0 - St. Louis 0
TOP OF THE 5TH
Los Angeles Dodgers batting - Pitching for St. Louis Cardinals : LHP Steve Carlton
Pitching: RHP Lary Sorensen
Batting: RHB Cleo Smith 0-0: Called Strike
0-1: Ball
1-1: Foul Ball, location: 2F
1-2: Ball
2-2: Strikes out swinging
Pinch Hitting: RHB Billy Sample 0-0: Swinging Strike
0-1: Fly out, F8 (Flyball, 8LS, EV 95.6 MPH)
Batting: RHB Carney Lansford 0-0: Ground out 2-3 (Groundball, 15S, EV 76.3 MPH)
Top of the 5th over - 0 runs, 0 hits, 0 errors, 0 left on base; Los Angeles 0 - St. Louis 0
BOTTOM OF THE 5TH
St. Louis Cardinals batting - Pitching for Los Angeles Dodgers : RHP Mike Scott
Pitching: RHP Chuck Porter
Batting: RHB Joe Torre 0-0: Ground out 5-3 (Groundball, 5, EV 105.6 MPH)
Batting: RHB Craig Stimac 0-0: Foul Ball, location: 2F
0-1: Ball
1-1: Called Strike
1-2: SINGLE (Groundball, P, EV 84.4 MPH) (infield hit)
Batting: RHB Steve Lubratich 0-0: Fly out, F8 (Flyball, 8LS, EV 97.5 MPH)
Batting: RHB Bob E Johnson 0-0: Ball
1-0: Ball
2-0: DOUBLE (Flyball, 89D, EV 93.1 MPH)
Craig Stimac to third
Runner from 3rd tries for Home, SAFE, no throw by CF
Pinch Hitting: RHB Pascual D'Annunzio 0-0: Foul Ball, location: 2F
0-1: Ball
1-1: DOUBLE (Line Drive, 7LM, EV 108.1 MPH)
Bob E Johnson scores
Batting: SHB Otis Nixon 0-0: Ball
1-0: Swinging Strike
1-1: Swinging Strike
1-2: Ball
2-2: Ball
3-2: Foul Ball, location: 2F
3-2: Base on Balls
Batting: SHB Billy E Smith 0-0: Ball
1-0: Ball
2-0: Called Strike
2-1: Called Strike
2-2: Ball
3-2: Fly out, F3 (Popup, 34, EV 60.6 MPH)
Bottom of the 5th over - 2 runs, 3 hits, 0 errors, 2 left on base; Los Angeles 0 - St. Louis 2
TOP OF THE 6TH
Los Angeles Dodgers batting - Pitching for St. Louis Cardinals : RHP Lary Sorensen
Pitching: LHP Paul Gibson
Batting: SHB Jose Oquendo 0-0: Ball
1-0: Ball
2-0: Called Strike
2-1: Called Strike
2-2: Ball
3-2: Strikes out looking
Batting: RHB Dick Davis 0-0: Ball
1-0: Ball
2-0: Foul Ball, location: 2F
2-1: Foul Ball, location: 2F
2-2: Ball
3-2: Foul Ball, location: 2F
3-2: Foul Ball, location: 2F
3-2: Fly out, F2 (Popup, 2RF, EV 92.5 MPH)
Batting: RHB Jerry Keller 0-0: Ball
1-0: Ground out 5-3 (Groundball, 56, EV 101.3 MPH)
Top of the 6th over - 0 runs, 0 hits, 0 errors, 0 left on base; Los Angeles 0 - St. Louis 2
BOTTOM OF THE 6TH
St. Louis Cardinals batting - Pitching for Los Angeles Dodgers : RHP Chuck Porter
Batting: LHB Mike Davis 0-0: Called Strike
0-1: Called Strike
0-2: Ball
1-2: Strikes out swinging
Batting: LHB Pat Putnam 0-0: Foul Ball, location: 2F
0-1: Fly out, F7 (Flyball, 7LS, EV 73.8 MPH)
Batting: RHB Joe Torre 0-0: Fly out, F1 (Line Drive, P, EV 71.9 MPH)
Bottom of the 6th over - 0 runs, 0 hits, 0 errors, 0 left on base; Los Angeles 0 - St. Louis 2
TOP OF THE 7TH
Los Angeles Dodgers batting - Pitching for St. Louis Cardinals : LHP Paul Gibson
Batting: RHB Toby Harrah 0-0: Fly out, F4 (Popup, 34S, EV 75.0 MPH)
Batting: LHB Ronald Jackson 0-0: Called Strike
0-1: Foul Ball, location: 2F
0-2: Ball
1-2: Ball
2-2: Ball
3-2: Strikes out swinging
Batting: LHB Darren Daulton 0-0: Swinging Strike
0-1: SINGLE (Line Drive, 9S, EV 110.6 MPH)
Batting: RHB Cleo Smith 0-0: Ball
1-0: Ball
2-0: Called Strike
2-1: Foul Ball, location: 2F
2-2: Strikes out swinging
Top of the 7th over - 0 runs, 1 hit, 0 errors, 1 left on base; Los Angeles 0 - St. Louis 2
BOTTOM OF THE 7TH
St. Louis Cardinals batting - Pitching for Los Angeles Dodgers : RHP Chuck Porter
Batting: RHB Craig Stimac 0-0: Called Strike
0-1: SINGLE (Groundball, 56D, EV 108.8 MPH)
Batting: RHB Steve Lubratich 0-0: SINGLE (Flyball, 89S, EV 90.6 MPH)
Craig Stimac to second
Craig Stimac to third
Pitching: LHP Alberto Argueta
Batting: RHB Bob E Johnson 0-0: Ball
1-0: Ball
2-0: Called Strike
2-1: Swinging Strike
2-2: Strikes out looking
Pinch Hitting: RHB Sixto Lezcano 0-0: Called Strike
0-1: Ball
1-1: Foul Ball, location: 2F
1-2: Ball
2-2: Ball
3-2: Fly out, F7 (Flyball, 7, EV 82.5 MPH)
Runner from 3rd tags up, OUT at HOME! 7-2
Bottom of the 7th over - 0 runs, 2 hits, 0 errors, 1 left on base; Los Angeles 0 - St. Louis 2
TOP OF THE 8TH
Los Angeles Dodgers batting - Pitching for St. Louis Cardinals : LHP Paul Gibson
Pitching: RHP Tom D Brown
Pinch Hitting: RHB Gary Gaetti 0-0: Ball
1-0: Ball
2-0: Ball
3-0: Ground out 5-3 (Groundball, 56S, EV 83.8 MPH)
Pinch Hitting: RHB Mike Shelton 0-0: Called Strike
0-1: Foul Ball, location: 2F
0-2: Ball
1-2: SINGLE (Line Drive, 89M, EV 96.9 MPH)
Pinch Hitting: RHB Tom Watkins 0-0: Fly out, F3 (Popup, 23F, EV 85.6 MPH)
Batting: RHB Dick Davis 0-0: Called Strike
0-1: Ball
1-1: Ball
2-1: Foul Ball, location: 2F
2-2: Ball
3-2: Fly out, F7 (Flyball, 78M, EV 96.3 MPH)
Top of the 8th over - 0 runs, 1 hit, 0 errors, 1 left on base; Los Angeles 0 - St. Louis 2
BOTTOM OF THE 8TH
St. Louis Cardinals batting - Pitching for Los Angeles Dodgers : LHP Alberto Argueta
Pitching: RHP Jonathan Coberly
Now at 3B: Mike Shelton
Now at SS: Tom Watkins
Pinch Hitting: SHB Paul Householder 0-0: Called Strike
0-1: Ground out 4-3 (Groundball, 4, EV 78.8 MPH)
Pinch Hitting: RHB Don Ruzek 0-0: Ball
1-0: SINGLE (Groundball, 56D, EV 100.6 MPH)
Pinch Hitting: RHB Mookie Wilson 0-0: Ball
1-0: Fielders Choice at 2nd, 6-4 (Groundball, 56, EV 86.9 MPH)
Pinch Hitting: RHB Victor Rios 0-0: Called Strike
0-1: Ground out 4-3 (Groundball, 4, EV 96.3 MPH)
Bottom of the 8th over - 0 runs, 1 hit, 0 errors, 1 left on base; Los Angeles 0 - St. Louis 2
TOP OF THE 9TH
Los Angeles Dodgers batting - Pitching for St. Louis Cardinals : RHP Tom D Brown
Now at 2B: Onix Concepcion
Now at SS: Don Ruzek
Now in LF: Mookie Wilson
Now in CF: Victor Rios
Now in RF: Paul Householder
Pinch Hitting: RHB Bill Schroeder 0-0: Called Strike
0-1: Ball
1-1: Fly out, F4 (Popup, 4S, EV 60.6 MPH)
Pinch Hitting: RHB Damaso Garcia 0-0: Ground out 5-3 (Groundball, 56S, EV 80.6 MPH)
Pinch Hitting: RHB John Almon 0-0: Ball
1-0: Foul Ball, location: 2F
1-1: Ground out 6-3 (Groundball, 6, EV 80.6 MPH)
Top of the 9th over - 0 runs, 0 hits, 0 errors, 0 left on base; Los Angeles 0 - St. Louis 2
Thursday, July 16th, 2020 - OOTP Baseball 21.4 Build 63